 Dungeon Crawl Stone Soup version 0.31-a0-702-gf82c85558f (webtiles) character file.

Game seed: 14493840341445510355

210 javelincjr the Changeling (level 5, -1/49 HPs)
             Began as a Troll Shapeshifter on Sept 8, 2023.
             Slain by a gnoll
             ... wielding a +0 club
              (7 damage)
             ... on level 3 of the Dungeon.
             The game lasted 00:07:26 (1856 turns).

javelincjr the Changeling (Troll Shapeshifter)      Turns: 1856, Time: 00:07:26

Health: -1/49      AC:  5    Str: 24    XL:     5   Next: 57%
Magic:  4/4        EV: 10    Int:  9    God:
Gold:   83         SH:  0    Dex:  9    Spells: 4/4 levels left

rFire   . . .        t - +9 mace "Oghopt" {vamp, Int+3}
rCold   . . .        (no shield)
rNeg    . . .        r - +1 robe of Noum {Rampage rCorr Slay+5 Stlth+}
rPois   .            (helmet currently unavailable)
rElec   .            (cloak currently unavailable)
rCorr   +            (gloves unavailable)
SInv    .            (boots unavailable)
Will    .....        (no amulet)
Stlth   ++           (no ring)
HPRegen 1.08/turn    (no ring)
MPRegen 0.09/turn

%: rampage
@: brilliant, lethally poisoned (-1 -> -12), beast-form
A: beast (slay +2), large, unfitting armour, claws 3, regeneration 1, shaggy fur
1, tough skin 1
a: Begin Untransformation


You were on level 3 of the Dungeon.
You were a hulking beast.
You visited 1 branch of the dungeon, and saw 3 of its levels.

You collected 83 gold pieces.

Inventory:

Hand Weapons
 t - the +9 mace "Oghopt" (weapon) {vamp, Int+3}
   (You found it on level 3 of the Dungeon)

   Int+3:     It affects your intelligence (+3).
Missiles
 h - 4 javelins (quivered)
 i - 3 datura-tipped darts
 l - 31 stones
 o - a throwing net
Armour
 a - a +0 animal skin
 r - the +1 robe of Noum (worn) {Rampage rCorr Slay+5 Stlth+}
   (You found it on level 2 of the Dungeon)

   Slay+5:    It affects your accuracy & damage with ranged weapons and melee
   (+5).
   rCorr:     It protects you from acid and corrosion.
   Rampage:   It bestows one free step when moving towards enemies.
   Stlth+:    It makes you more stealthy.
Talismans
 c - a beast talisman (active)
 d - a flux talisman
Scrolls
 e - 2 scrolls of fear {unknown}
 j - a scroll of revelation {unknown}
 k - a scroll of amnesia {unknown}
 n - 2 scrolls of identify {unknown}
 p - a scroll of teleportation {unknown}
 q - a scroll of enchant weapon {unknown}
 s - a scroll of poison {unknown}
Potions
 b - 2 potions of lignification
 f - a potion of brilliance
 g - a potion of degeneration {unknown}
 m - a potion of heal wounds {unknown}


   Skills:
 + Level 1.8 Fighting
 + Level 0.0 Maces & Flails
 + Level 1.6 Throwing
 + Level 2.3 Dodging
 + Level 3.7 Unarmed Combat
 * Level 4.2 Shapeshifting


You had 4 spell levels left.
You didn't know any spells.
Your spell library was empty.

Dungeon Overview and Level Annotations

Branches:
Dungeon (3/15)

Altars:
Cheibriados
Nemelex Xobeh
Zin


Innate Abilities, Weirdness & Mutations

You are a hulking beast.
Your limbs bulge with bestial killing power. (Slay +2)
You are too large for most types of armour.
You have claws for hands.
Your natural rate of healing is unusually fast.
You are covered in fur. (AC +1)
You have tough skin. (AC +1)


Message History

A gnoll comes into view. It is wielding a +0 flail.
The gnoll shouts!
The gnoll moves out of view.
A gnoll comes into view. It is wielding a +0 spear of venom.
The gnoll shouts!
A gnoll comes into view. It is wielding a +0 club.
A gnoll comes into view. It is wielding a +0 club.
The gnoll shouts!
You see here 10 gold pieces.
You thump the gnoll!
The gnoll is almost dead.
The gnoll closely misses you. The gnoll hits you with a +0 flail!
The gnoll hits you with a +0 club.
You closely miss the gnoll.
The gnoll is severely wounded.
The gnoll hits you from afar with a +0 spear of venom!
The gnoll hits you with a +0 flail. The gnoll hits you with a +0 club.
You completely miss the gnoll.
The gnoll is severely wounded.
The gnoll hits you from afar with a +0 spear of venom.
You are poisoned.
The gnoll barely misses you. The gnoll hits you with a +0 club.
You bludgeon the gnoll!!
You kill the gnoll!
You feel very sick.
The gnoll hits you from afar with a +0 spear of venom.
You are more poisoned.
The gnoll hits you with a +0 club.
The gnoll hits you from afar with a +0 spear of venom.
* * * LOW HITPOINT WARNING * * *
You are lethally poisoned!
The gnoll hits you with a +0 club.
* * * LOW HITPOINT WARNING * * *
It was a potion of brilliance.
You feel clever all of a sudden.
* * * LOW HITPOINT WARNING * * *
You feel very sick. The gnoll hits you but does no damage.
The gnoll barely misses you. The gnoll hits you with a +0 club!
You die...

....#.#..#...##.###### #.#
#....
..###.#.##...##.########.#
#####
....#.##.....##..†..)....#
###.#....#################
#.###.........#
#.#.....##....#
#.......##.##'### ####
#....>..##.#....# #...
#......###.+..h[# #...
#.....## ###..gg# #...
##.....### #.?.g# #...
#........# ##+#.. #...
#........# [.. #...
#........# .... #...
########## ..... #...
...... ####


You could see 3 gnolls.

Vanquished Creatures
  A centaur (D:3)
  Jessica (D:2)
  A gnoll (D:3)
  2 adders (D:2)
  3 worms
  A dart slug (D:3)
  5 endoplasms
  A giant cockroach (D:2)
  13 goblins
  4 hobgoblins
  2 jackals (D:2)
  5 kobolds
  3 quokkas (D:2)
  5 ball pythons
  9 bats
  2 frilled lizards (D:2)
  3 rats
61 creatures vanquished.

Notes
Turn   | Place    | Note
-------+----------+-------------------------------------------
     0 | D:1      | javelincjr the Troll Shapeshifter began the quest for the
                  | Orb.
     0 | D:1      | Reached XP level 1. HP: 18/18 MP: 0/0
   138 | D:1      | Reached skill level 1 in Fighting
   218 | D:1      | Found a faded altar of an unknown god.
   230 | D:1      | Reached XP level 2. HP: 27/27 MP: 1/1
   494 | D:1      | You fall into a shaft and drop 1 floor!
   823 | D:2      | Reached XP level 3. HP: 27/33 MP: 2/2
   855 | D:2      | Found a glowing silver altar of Zin.
   866 | D:2      | Noticed Jessica
   874 | D:2      | Killed Jessica
   879 | D:2      | Reached XP level 4. HP: 37/41 MP: 3/3
  1097 | D:2      | Reached skill level 1 in Throwing
  1151 | D:2      | Identified the +1 robe of Noum {Rampage rCorr Slay+5
                  | Stlth+}
  1241 | D:3      | Found a sparkling altar of Nemelex Xobeh.
  1313 | D:3      | Found a snail-covered altar of Cheibriados.
  1450 | D:3      | Noticed a centaur
  1462 | D:3      | Killed a centaur
  1463 | D:3      | Reached skill level 4 in Shapeshifting
  1463 | D:3      | Reached XP level 5. HP: 19/49 MP: 4/4
  1585 | D:3      | Identified the +9 mace "Oghopt" {vamp, Int+3}
  1856 | D:3      | Slain by a gnoll

Illustrated notes

Levels and vault maps discovered:
D:1:      amcnicky_arrival_feature_with_door, layout_loops_ring,
          hellmonk_ecumenical_altar_pennies_from_heaven,
          chequers_serial_rivers_room_b
D:2:      layout_rooms, basic_altar, uniq_jessica
D:3:      layout_basic, mainiacjoe_overflow_boulevard, kennysheep_slug_shrine

Skill      XL: |  1  2  3  4 |
---------------+-------------+-----
Fighting       | 1 |  1.8
Dodging        | 2 |  2.3
Throwing       | 1 |  1.6
Shapeshifting  | 4 |  4.2
Unarmed Combat | |  3.7

Action                     |  1- 3 |  4- 6 || total
---------------------------+-------+-------++-------
  Melee: Unarmed           |    68 |    51 ||   119
         Punch             |       |     1 ||     1
         Mace              |       |     5 ||     5
  Throw: Javelin           |     1 |       ||     1
    Use: Potion            |       |     1 ||     1
   Stab: Sleeping          |     1 |     4 ||     5
 Armour: Animal skin       |    46 |    14 ||    60
         Robe              |       |    35 ||    35
  Dodge: Dodged            |    36 |    25 ||    61

Table legend: (Time is in decaauts)
 A = Elapsed time spent in this place.
 B = Non-inter-level travel time spent in this place.
 C = Inter-level travel time spent in this place.
 D = Time resting spent in this place.
 E = Time spent auto-exploring this place.
 F = Levels seen in this place.
 G = Mean time per level.
                   A        B        C        D        E       F      G
               +--------+--------+--------+--------+--------+-----+--------+
         Total |   1849 |   1795 |     54 |     28 |   1362 |   3 |  616.3 |
       Dungeon |   1849 |   1795 |     54 |     28 |   1362 |   3 |  616.3 |
               +--------+--------+--------+--------+--------+-----+--------+

Top non-repeatable levels by time:
     D:1: 802 daAuts
     D:3: 661 daAuts
     D:2: 385 daAuts
